 Dungeon Crawl Stone Soup version 0.22-a0-354-g30dfbe6 (webtiles) character file.

80 RoseArtemis the Poker (level 4, -4/40 HPs)
             Began as a Hill Orc Monk on Apr 16, 2018.
             Slain by a worker ant (6 damage)
             ... on level 2 of the Dungeon.
             The game lasted 00:06:35 (2658 turns).

RoseArtemis the Poker (Hill Orc Monk)               Turns: 2658, Time: 00:06:35

Health: -4/40      AC:  2    Str: 14    XL:     4   Next: 39%
Magic:  4/4        EV: 13    Int: 10    God:
Gold:   44         SH:  0    Dex: 13    Spells: 3/3 levels left

rFire    . . .     SeeInvis .   a - +0 spear
rCold    . . .     Gourm    .   (no shield)
rNeg     . . .     Faith    .   b - +0 robe
rPois    .         Spirit   .   (no helmet)
rElec    .         Reflect  .   (no cloak)
rCorr    .         Harm     .   (no gloves)
MR       .....                  (no boots)
Stlth    ++........             (no amulet)
HPRegen  0.13/turn              (no ring)
MPRegen  0.09/turn              (no ring)

@: lethally poisoned (-4 -> -14)
A: no striking features
a: no special abilities


You were on level 2 of the Dungeon.
You were hungry.

You visited 1 branch of the dungeon, and saw 2 of its levels.

You collected 44 gold pieces.

Inventory:

Hand Weapons
 a - a +0 spear (weapon)
Missiles
 s - 6 tomahawks (quivered)
Armour
 b - a +0 robe (worn)
Jewellery
 d - an uncursed ring of fire {unknown}
 r - a +1 ring of protection {unknown}
Scrolls
 e - a scroll of teleportation {unknown}
 i - a scroll of amnesia {unknown}
 k - a scroll of enchant weapon {unknown}
 o - a scroll of remove curse {unknown}
 q - a scroll of enchant armour {unknown}
 t - a scroll of magic mapping {unknown}
Potions
 g - a potion of magic {unknown}
 h - 2 potions of ambrosia {unknown}
 j - a potion of brilliance {unknown}
 n - a potion of degeneration {unknown}
 p - 2 potions of heal wounds
Comestibles
 c - 4 rations
 m - 3 chunks of flesh


   Skills:
 + Level 4.2 Fighting
 * Level 4.3 Polearms
 + Level 1.6 Armour
 + Level 2.8 Dodging
 - Level 1.5 Stealth


You had 3 spell levels left.
You didn't know any spells.

Dungeon Overview and Level Annotations

Branches:
Dungeon (2/15)

Altars:
Ashenzari


Message History

You feel sick. The worker ant misses you.
You hit the worker ant but do no damage.
The worker ant is almost dead.
* * * LOW HITPOINT WARNING * * *
You feel sick. The worker ant barely misses you.
You barely miss the worker ant.
The worker ant is almost dead.
* * * LOW HITPOINT WARNING * * *
You feel sick. The worker ant barely misses you.
You barely miss the worker ant.
The worker ant is almost dead.
* * * LOW HITPOINT WARNING * * *
You feel sick.
The worker ant waves its antennae.
The worker ant bites you but does no damage.
You hit the worker ant but do no damage.
The worker ant is almost dead.
* * * LOW HITPOINT WARNING * * *
You feel sick. The worker ant bites you.
You die...

#.####........ ##
#....#.....### #.
+............# #.
#....#........ #.
##+###....##.# #.
#.#......# . #.
###........#
#.####.#........#
#.a@...#.......##
######.#.......#
###.#.......#
#...........#
#.#.#.......#
#.#.#.#####.# #
#..(# .# #####


You could see a worker ant.

Vanquished Creatures
  2 adders (D:2)
  An ooze (D:1)
  4 dart slugs (D:1)
  A leopard gecko (D:1)
  A ball python (D:2)
  9 bats
  A giant cockroach (D:1)
  2 goblins (D:2)
  9 hobgoblins
  2 jackals (D:2)
  8 kobolds
  2 frilled lizards
  A rat (D:1)
43 creatures vanquished.

Notes
Turn   | Place    | Note
-------+----------+-------------------------------------------
     0 | D:1      | RoseArtemis the Hill Orc Monk began the quest for the Orb.
     0 | D:1      | Reached XP level 1. HP: 19/19 MP: 1/1
   314 | D:1      | Reached XP level 2. HP: 17/27 MP: 2/2
   838 | D:1      | Found a shattered altar of Ashenzari.
  1016 | D:1      | Reached skill level 1 in Armour
  1175 | D:1      | Reached XP level 3. HP: 33/33 MP: 3/3
  2236 | D:2      | Reached XP level 4. HP: 38/40 MP: 4/4
  2658 | D:2      | HP: 2/40 [poisoned by a worker ant]
  2658 | D:2      | Slain by a worker ant

Vault maps used:
D:1:      dpeg_arrival_refuge, evilmike_ruin_ashenzari

Skill      XL: |  1  2  3 |
---------------+----------+-----
Armour         | 1 |  1.6
Fighting       | 4 |  4.2
Polearms       | 4 |  4.3
Dodging        | |  2.8
Stealth        | |  1.5

Action                   |  1- 3 |  4- 6 || total
-------------------------+-------+-------++-------
Melee: Spear             |   157 |    67 ||   224
  Use: Potion            |       |     3 ||     3
       Scroll            |       |     2 ||     2
 Stab: Sleeping          |     5 |     2 ||     7
  Eat: Chunk             |     4 |     1 ||     5
Armor: Robe              |     9 |     6 ||    15
Dodge: Dodged            |    73 |    38 ||   111

Table legend:
 A = Spawn XP
 B = Non-spawn XP
 C = Spawn XP percentage of total XP
 D = Spawn monster count
 E = Non-spawn monster count
 F = Spawn count percentage of total count
 G = Total turns spent on level
                    A         B        C        D         E        F      G
               +---------+---------+-------+---------+---------+-------+---------
         Total |       0 |     115 |   0.0 |       0 |      43 |   0.0 |  2658
               +---------+---------+-------+---------+---------+-------+---------
           D:1 |       0 |      65 |   0.0 |       0 |      28 |   0.0 |  1945
           D:2 |       0 |      50 |   0.0 |       0 |      15 |   0.0 |   713
               +---------+---------+-------+---------+---------+-------+---------
